 Dungeon Crawl Stone Soup version 0.28-a0-32-g8dfe7f97f6 (webtiles) character file.

Game seed: 4407309249305444188

88 bande the Shield-Bearer (level 4, 0/28 HPs)
             Began as a Gargoyle Fighter on July 27, 2021.
             Frozen to death by an endoplasm (1 damage)
             ... on level 4 of the Dungeon.
             The game lasted 00:05:46 (2188 turns).

bande the Shield-Bearer (Gargoyle Fighter)          Turns: 2188, Time: 00:05:46

Health: 0/28       AC: 16    Str: 19    XL:     4   Next: 53%
Magic:  4/4        EV:  3    Int:  9    God:
Gold:   81         SH: 10    Dex: 10    Spells: 3/3 levels left

rFire   . . .      SeeInvis .   a - +0 war axe
rCold   . . .      Faith    .   c - +1 kite shield
rNeg    + . .      Spirit   .   e - +0 plate armour
rPois   ∞          Reflect  .   (no helmet)
rElec   +          Harm     .   l - +0 cloak
rCorr   .          Rampage  .   (no gloves)
Will    .....                   (no boots)
Stlth   ..........              (no amulet)
HPRegen 0.09/turn               (no ring)
MPRegen 0.09/turn               (no ring)

@: no status effects
A: sickness immunity, AC +3, negative energy resistance 1, electricity
resistance, torment resistance 1, petrification resistance
a: no special abilities


You were on level 4 of the Dungeon.
You visited 1 branch of the dungeon, and saw 4 of its levels.

You collected 81 gold pieces.

Inventory:

Hand Weapons
 a - a +0 war axe (weapon)
Armour
 c - a +1 kite shield (worn)
 e - a +0 plate armour (worn)
 l - a +0 cloak (worn)
Jewellery
 f - a ring of fire
 k - a ring of ice
 m - an amulet of the acrobat
 n - a ring of ice
Scrolls
 j - 3 scrolls of enchant armour
 o - a scroll of identify
Potions
 b - a potion of brilliance {unknown}
 d - a potion of might
 g - a potion of curing
 h - 2 potions of degeneration {unknown}
 i - a potion of lignification {unknown}


   Skills:
 + Level 3.6 Fighting
 + Level 2.4 Axes
 + Level 4.0 Armour
 + Level 4.3 Shields


You had 3 spell levels left.
You didn't know any spells.
Your spell library contained the following spells:

 Spells                   Type           Power      Damage    Failure   Level
 Passwall                 Tmut/Erth      0%         N/A       100%        2
 Swiftness                Air            0%         N/A       100%        3
 Invisibility             Hex            0%         N/A       100%        6


Dungeon Overview and Level Annotations

Branches:
Dungeon (4/15)
 Temple: D:4-7

Altars:
Hepliaklqana
Nemelex Xobeh
Uskayaw


Innate Abilities, Weirdness & Mutations

You are immune to sickness and miasma.
Your stone body is resilient. (AC +3)
You are immune to poison.
You resist negative energy. (rN+)
You are resistant to electric shocks. (rElec)
You are resistant to unholy torment.
You are immune to petrification.


Message History

You are frozen.
You slash the centaur skeleton!
The centaur skeleton is moderately damaged.
You hit the endoplasm.
The centaur skeleton hits you but does no damage.
You block the centaur skeleton's attack.
The endoplasm hits you.
The centaur skeleton hits you but does no damage.
You block the centaur skeleton's attack.
You hit the centaur skeleton but do no damage.
The centaur skeleton is moderately damaged.
Your plate armour prevents you from hitting the endoplasm.
The centaur skeleton hits you but does no damage.
The centaur skeleton kicks you but does no damage.
The endoplasm freezes you.
You are frozen.
The centaur skeleton hits you but does no damage.
The centaur skeleton kicks you but does no damage.
The endoplasm freezes you.
You are frozen.
You hit the endoplasm.
The endoplasm is almost dead.
You hit the centaur skeleton.
The centaur skeleton hits you but does no damage.
The centaur skeleton kicks you but does no damage.
The endoplasm freezes you.
You are frozen.
* * * LOW HITPOINT WARNING * * *
The centaur skeleton hits you.
* * * LOW HITPOINT WARNING * * *
The centaur skeleton kicks you but does no damage.
Your shield and plate armour prevent you from hitting the endoplasm.
The endoplasm is almost dead.
You hit the centaur skeleton.
The centaur skeleton hits you but does no damage.
The centaur skeleton kicks you.
* * * LOW HITPOINT WARNING * * *
The endoplasm freezes you.
You are frozen.
You die...

.............# ..
...........#.##....
..............#..>.
.................#
..............####
...............#
.............#.#
.#########...#.#..
#......@.....#
...(.?ZJ...#.#
...........# ..
...........# #
#..........#
............
#...........#
#...........#


You could see an endoplasm and a centaur skeleton.

Vanquished Creatures
  Terence (D:3)
  An adder (D:3)
  A worm (D:2)
  A dart slug (D:3)
  An orc (D:3)
  7 ball pythons
  5 endoplasms
  5 giant cockroaches
  2 goblins
  4 hobgoblins
  3 quokkas
  6 bats
  3 frilled lizards
  A kobold (D:3)
  6 rats
  A spectral orc (D:3)
48 creatures vanquished.

Notes
Turn   | Place    | Note
-------+----------+-------------------------------------------
     0 | D:1      | bande the Gargoyle Fighter began the quest for the Orb.
     0 | D:1      | Reached XP level 1. HP: 14/14 MP: 1/1
   199 | D:1      | Found a faded altar of an unknown god.
   218 | D:1      | Reached XP level 2. HP: 19/19 MP: 2/2
   907 | D:2      | Reached XP level 3. HP: 20/23 MP: 3/3
  1454 | D:3      | Noticed a +0 hand axe
  1454 | D:3      | Noticed a +0 hand axe
  1455 | D:3      | Found a hide-covered altar of Uskayaw.
  1514 | D:3      | Found a sparkling altar of Nemelex Xobeh.
  1627 | D:3      | Reached XP level 4. HP: 27/28 MP: 4/4
  1775 | D:3      | Noticed Terence
  1787 | D:3      | Killed Terence
  2128 | D:3      | Found a hazy altar of Hepliaklqana.
  2188 | D:4      | HP: 1/28 [centaur skeleton (2)]
  2188 | D:4      | Frozen to death by an endoplasm

Illustrated notes

Levels and vault maps discovered:
D:1:      dpeg_arrival_boxes_within_box, layout_basic,
          shapermc_ecumenical_altar_venn
D:2:      layout_loops_cross
D:3:      layout_basic, nicolae_hepliaklqana_monster_ancestors,
          mainiacjoe_overflow_paths, dancing_weapons_uskayaw, amethyst_killhole,
          uniq_terence
D:4:      layout_basic, corner_web_ring

Skill      XL: |  1  2  3  4 |
---------------+-------------+-----
Axes           | 2 |  2.4
Armour         | 4 |  4.0
Shields        | 4 |  4.3
Fighting       | |  3.6

Action                   |  1- 3 |  4- 6 || total
-------------------------+-------+-------++-------
Melee: War axe           |   118 |    21 ||   139
  Use: Scroll            |     4 |       ||     4
Armor: Plate armour      |    89 |    20 ||   109
Dodge: Dodged            |    25 |     1 ||    26
Block: Kite shield       |    86 |    12 ||    98

Table legend: (Time is in decaauts)
 A = Elapsed time spent in this place.
 B = Non-inter-level travel time spent in this place.
 C = Inter-level travel time spent in this place.
 D = Time resting spent in this place.
 E = Time spent auto-exploring this place.
 F = Levels seen in this place.
 G = Mean time per level.
                   A        B        C        D        E       F      G
               +--------+--------+--------+--------+--------+-----+--------+
         Total |   2273 |   2273 |      0 |    280 |   1485 |   4 |  568.2 |
       Dungeon |   2273 |   2273 |      0 |    280 |   1485 |   4 |  568.2 |
               +--------+--------+--------+--------+--------+-----+--------+

Top non-repeatable levels by time:
     D:3: 779 daAuts
     D:1: 762 daAuts
     D:2: 701 daAuts
     D:4: 29 daAuts
